 Dungeon Crawl Stone Soup version 0.18.1-48-g4cf74bf (webtiles) character file.

410 Gargoyl the Covered (level 6, 0/48 HPs)
             Began as a Demonspawn Abyssal Knight on Sept 7, 2016.
             Was a Believer of Lugonu.
             Slain by Edmund
             ... wielding a +0 dire flail
              (3 damage)
             ... on level 4 of the Dungeon.
             The game lasted 00:07:23 (4397 turns).

Gargoyl the Covered (Demonspawn Abyssal Knight)     Turns: 4397, Time: 00:07:23

Health: 0/48       AC:  7    Str: 14    XL:     6   Next: 58%
Magic:  7/7        EV: 10    Int: 14    God:    Lugonu [**....]
Gold:   122        SH:  3    Dex: 12    Spells: 0 memorised, 5 levels left

rFire  . . .     SeeInvis +     a - +2 hand axe
rCold  . . .     Gourm    +     i - +0 ring mail
rNeg   . . .     Faith    .     r - +0 buckler
rPois  .         Spirit   .     (helmet restricted)
rElec  .         Dismiss  .     v - +0 cloak
rCorr  .         Reflect  .     (no gloves)
SustAt .         Harm     .     (no boots)
MR     .....                    d - amulet of the gourmand
Stlth  ++........               m - ring of see invisible
                                f - ring of stealth

@: not resistant to hostile enchantments, unstealthy
A: antennae 2, claws 2
a: Depart the Abyss, Bend Space, Renounce Religion


You were on level 4 of the Dungeon.
You worshipped Lugonu.
Lugonu was pleased with you.
You were full.

You visited 1 branch of the dungeon, and saw 4 of its levels.
You visited the Abyss 1 time.

You collected 122 gold pieces.

Inventory:

Hand Weapons
 a - a +2 hand axe (weapon)
Missiles
 x - 2 tomahawks (quivered)
Armour
 i - a +0 ring mail (worn)
 r - a +0 buckler (worn)
 v - a +0 cloak (worn)
Jewellery
 d - an amulet of the gourmand (around neck)
 f - a ring of stealth (left claw)
 l - an uncursed ring of protection from cold
 m - a ring of see invisible (right claw)
Scrolls
 e - 5 scrolls of identify
 h - a scroll of fog
 o - a scroll of teleportation {unknown}
 p - a scroll of noise {unknown}
 q - a scroll of recharging {unknown}
 s - a scroll of fear {unknown}
 u - a scroll of amnesia {unknown}
 y - 2 scrolls of remove curse {unknown}
Comestibles
 c - a bread ration
 g - a beef jerky
 n - 3 fruits


   Skills:
 + Level 4.0 Fighting
 + Level 2.8 Axes
 * Level 4.5 Armour
 + Level 2.2 Dodging
 + Level 1.3 Stealth
 + Level 0.6 Shields
 + Level 2.6 Invocations


You had 5 spell levels left.
You didn't know any spells.

Dungeon Overview and Level Annotations

Branches:
Dungeon (4/15)
 Temple: D:4-7

Altars:
Pakellas
Xom

Annotations:
D:4 Edmund


Innate Abilities, Weirdness & Mutations

You have a pair of antennae on your head.
You have very sharp fingernails.


Message History

You hit Edmund but do no damage.
Edmund is lightly wounded.
You hit the orc.
You kill the orc!
Lugonu accepts your kill.
You hit the worker ant but do no damage.
The worker ant misses you. You block Edmund's attack.
The adder bites you but does no damage.
The orc priest hits you but does no damage.
You barely miss the orc priest.
The orc priest is moderately wounded.
You hit Edmund.
Edmund is lightly wounded.
You hit the adder.
The adder is lightly wounded.
You hit the worker ant.
The worker ant is lightly wounded.
You block the worker ant's attack. The adder barely misses you.
Edmund hits you with a dire flail.
You die...

#####...#.##.........#**,,,,,,,,,
##..#,###.......## *,*,*,***,
***...<* ##..)..## *,***,* *,
*,,..### ###...#### *,***,* *,
*,*### #........# *,,,,,* *, *,*
#.##.###.# *,,**** *, *,* #.*#.#
*,# *,,* *, *,*
#.##.###.##*,,******, *,*
#...@S....#*,,,,,,,,, *,*
#..@oa.#..#**,*******
*,*******#.#...##,,# *,*
*,,,<,,,...#...#*,,***,*
*******###,.....,,,,,,,*
*##.....,,***** ######***


You could see Edmund, a worker ant, an orc priest and an adder.

Vanquished Creatures
  An ogre (D:4)
  A scorpion (D:4)
  A howler monkey (D:4)
  Crazy Yiuf (D:3)
  An iguana (D:4)
  An orc wizard (D:4)
  6 adders
  2 oozes (D:2)
  A worm (D:2)
  2 dart slugs
  7 giant geckos
  6 orcs
  5 giant cockroaches
  4 hobgoblins
  5 jackals
  12 kobolds
  2 quokkas
  6 bats
  5 giant newts
  14 goblins
  A quokka skeleton (D:4)
  5 rats
  A fungus (D:3)
90 creatures vanquished.

Notes
Turn   | Place    | Note
--------------------------------------------------------------
     0 | Abyss:1  | Gargoyl the Demonspawn Abyssal Knight began the quest for the Orb.
     0 | Abyss:1  | Reached XP level 1. HP: 18/18 MP: 2/2
     7 | Abyss:1  | Found a corrupted altar of Lugonu.
    39 | Abyss:1  | Noticed a starcursed mass
    43 | D:1      | Escaped the Abyss
   468 | D:1      | Gained mutation: You have a pair of small antennae on your head. [demonic ancestry]
   468 | D:1      | Reached XP level 2. HP: 13/24 MP: 3/3
   690 | D:1      | Reached * piety under Lugonu
  1012 | D:1      | Reached skill level 1 in Dodging
  1040 | D:1      | Gained mutation: You have sharp fingernails. [demonic ancestry]
  1040 | D:1      | Reached XP level 3. HP: 20/29 MP: 4/4
  2107 | D:2      | Reached XP level 4. HP: 29/37 MP: 5/5
  2429 | D:2      | Reached ** piety under Lugonu
  2688 | D:3      | Noticed Crazy Yiuf
  2698 | D:3      | Killed Crazy Yiuf
  2951 | D:3      | Found a shimmering altar of Xom.
  3101 | D:3      | Gained mutation: You have a pair of antennae on your head. [demonic ancestry]
  3101 | D:3      | Reached XP level 5. HP: 42/42 MP: 6/6
  3521 | D:4      | Reached skill level 1 in Stealth
  3825 | D:4      | Found an oddly glowing altar of Pakellas.
  3846 | D:4      | Noticed an ogre
  3866 | D:4      | Gained mutation: You have very sharp fingernails. [demonic ancestry]
  3866 | D:4      | Reached XP level 6. HP: 23/48 MP: 7/7
  4385 | D:4      | Noticed Edmund
  4397 | D:4      | Slain by Edmund

Skill      XL: |  1  2  3  4  5  6 |
---------------+-------------------+-----
Axes           | 2 |  2.8
Dodging        | 1 2 |  2.2
Armour         | 2 3 4 |  4.5
Stealth        | 1 |  1.3
Fighting       | 4 |  4.0
Shields        | |  0.6
Invocations    | |  2.6

Action                   |  1- 3 |  4- 6 || total
-------------------------+-------+-------++-------
Melee: Hand axe          |   112 |   188 ||   300
Invok: Depart the Abyss  |     1 |       ||     1
  Use: Potion            |       |     4 ||     4
       Scroll            |       |     3 ||     3
 Stab: Sleeping          |       |     4 ||     4
  Eat: Chunk             |    12 |     6 ||    18
Armor: Leather armour    |    15 |       ||    15
       Ring mail         |    53 |    73 ||   126
Dodge: Dodged            |    79 |   113 ||   192
Block: Buckler           |       |    30 ||    30
